 Dungeon Crawl Stone Soup version 0.28.0-53-g5a82cb258f (webtiles) character file.

Game seed: 11189435338262089383

5 DocClef the Ruffian (level 1, 0/11 HPs)
             Began as a Vine Stalker Gladiator on June 25, 2022.
             Slain by a goblin
             ... wielding a +0 dagger
              (1 damage)
             ... on level 1 of the Dungeon.
             The game lasted 00:00:26 (201 turns).

DocClef the Ruffian (Vine Stalker Gladiator)         Turns: 201, Time: 00:00:27

Health: 0/11       AC:  5    Str: 16    XL:     1   Next: 80%
Magic:  0/2        EV: 12    Int:  8    God:
Gold:   22         SH:  0    Dex: 15    Spells: 0/0 levels left

rFire   . . .      SeeInvis .     - Unarmed
rCold   . . .      Faith    .   (no shield)
rNeg    . . .      Spirit   +   a - +0 leather armour
rPois   .          Reflect  .   b - +0 helmet
rElec   .          Harm     .   d - +0 cloak
rCorr   .          Rampage  .   (no gloves)
Will    .....                   (no boots)
Stlth   +.........              (no amulet)
HPRegen 0.03/turn               (no ring)
MPRegen 0.08/turn               (no ring)

@: no status effects
A: fangs 2, magic shield, antimagic bite, no potion heal 2
a: no special abilities


You were on level 1 of the Dungeon.
You visited 1 branch of the dungeon, and saw 1 of its levels.

You collected 22 gold pieces.

Inventory:

Missiles
 c - 3 throwing nets (quivered)
Armour
 a - a +0 leather armour (worn)
 b - a +0 helmet (worn)
 d - a +0 cloak (worn)
Scrolls
 e - a scroll of amnesia {unknown}
 f - 2 scrolls of identify {unknown}


   Skills:
 + Level 2.1 Fighting
 - Level 1.7 Throwing
 - Level 2.4 Dodging
 - Level 3.0 Unarmed Combat


You couldn't memorise any spells.
You didn't know any spells.
Your spell library was empty.

Dungeon Overview and Level Annotations

Branches:
Dungeon (1/15)

Altars:


Innate Abilities, Weirdness & Mutations

You have extremely sharp teeth.
When hurt, damage is shared between your health and your magic reserves.
Your bite disrupts and absorbs the magic of your enemies.
Potions cannot restore your health.


Message History

The quokka bites you but does no damage.
You closely miss the kobold. You bite the kobold, but do no damage.
The kobold is moderately wounded.
The quokka barely misses you. The kobold closely misses you.
You hit the kobold.
You kill the kobold!
The hobgoblin closely misses you.
The kobold throws a stone.
The stone hits you but does no damage.
The quokka bites you but does no damage.
You hit the goblin but do no damage. The hobgoblin misses you.
The goblin hits you with a +0 dagger. The quokka bites you.
You are too injured to fight recklessly!
You are too injured to fight recklessly!
You are too injured to fight recklessly!
You are too injured to fight recklessly!
You are too injured to fight recklessly!
You are too injured to fight recklessly!
You are too injured to fight recklessly!
You are too injured to fight recklessly!
You are too injured to fight recklessly!
You are too injured to fight recklessly!
You are too injured to fight recklessly!
You are too injured to fight recklessly!
You are too injured to fight recklessly!
You are too injured to fight recklessly!
Unknown command.
Unknown command.
The kobold closely misses you.
Things that are here:
a +0 club; a kobold corpse The kobold throws a stone.
The stone misses you.
You aren't carrying any potions.
Okay, then.
You completely miss the goblin. Your bite misses the goblin.
The goblin hits you with a +0 dagger.
* * * LOW HITPOINT WARNING * * *
You closely miss the goblin. The goblin hits you with a +0 dagger.
* * * LOW HITPOINT WARNING * * *
You hit the goblin but do no damage. The goblin hits you with a +0 dagger.
You die...

#.......# #......#
#.....).#
#......###.......##
.................'.
#.......#####....##
#.#.....# #....##
#. ...#.# #......
#.##K.#.# ###+##.
#.@grg..# ##.##.
#####J### #.....
#.J#######..###
#...........#
........#######.#
..(...#.# #.#
.......#.. #.#
.......##.# #.#
.......# .. #.#


You could see an endoplasm, a quokka, a hobgoblin, a goblin and a kobold.

Vanquished Creatures
  A giant cockroach (D:1)
  A quokka (D:1)
  A goblin (D:1)
  2 kobolds (D:1)
  A rat (D:1)
6 creatures vanquished.

Notes
Turn   | Place    | Note
-------+----------+-------------------------------------------
     0 | D:1      | DocClef the Vine Stalker Gladiator began the quest for the
                  | Orb.
     0 | D:1      | Reached XP level 1. HP: 11/11 MP: 2/2
   153 | D:1      | Found a faded altar of an unknown god.
   201 | D:1      | Slain by a goblin

Illustrated notes

Levels and vault maps discovered:
D:1:      dpeg_arrival_round_c, layout_basic, basic_ecumenical_altar,
          minmay_pentomino_q4

Skill      XL: |  1 |
---------------+----+-----
Fighting       | 2 |  2.1
Throwing       | |  1.7
Dodging        | |  2.4
Unarmed Combat | |  3.0

Action                   || total
-------------------------++-------
Melee: Unarmed           ||    22
       Bite              ||     5
       Punch             ||     2
 Stab: Sleeping          ||     1
Armor: Leather armour    ||     5
Dodge: Dodged            ||    15
